TOP OF THE 1ST |
Windy City ThunderBolts batting - Pitching for Hamilton Cardinals : RHP Steve Langlois
|
Pitching: RHP Steve Langlois
|
|
Batting: LHB Adam Tarbutton
|
0-0: Called Strike 0-1: Foul Ball, location: 2F 0-2: Ball 1-2: Ball 2-2: Ball 3-2: Fly out, F9 (Line Drive, 9D, EV 106.9 MPH)
|
Batting: LHB Matt Hyde
|
0-0: Called Strike 0-1: Swinging Strike 0-2: Ball 1-2: Ball 2-2: Ground out 6-3 (Groundball, 6, EV 102.5 MPH)
|
Batting: LHB Larry Myers
|
0-0: Ball 1-0: Swinging Strike 1-1: Foul Ball, location: 2F 1-2: Fly out, F5 (Popup, 56, EV 65.6 MPH)
|
Top of the 1st over - 0 runs, 0 hits, 0 errors, 0 left on base; Windy City 0 - Hamilton 0 |
BOTTOM OF THE 1ST |
Hamilton Cardinals batting - Pitching for Windy City ThunderBolts : RHP Ruben Castro
|
Pitching: RHP Ruben Castro
|
|
Batting: RHB Bernard Claude
|
0-0: Ball 1-0: Swinging Strike 1-1: Swinging Strike 1-2: Ball 2-2: Foul Ball, location: 2F 2-2: Strikes out looking
|
Batting: RHB Tyler Walker
|
0-0: Ball 1-0: Fly out, F8 (Flyball, 8RD, EV 88.1 MPH)
|
Batting: LHB Travis Ruppel
|
0-0: Foul Ball, location: 2F 0-1: Called Strike 0-2: Foul Ball, location: 2F 0-2: Strikes out swinging
|
Bottom of the 1st over - 0 runs, 0 hits, 0 errors, 0 left on base; Windy City 0 - Hamilton 0 |
TOP OF THE 2ND |
Windy City ThunderBolts batting - Pitching for Hamilton Cardinals : RHP Steve Langlois
|
Batting: LHB Justin Stickney
|
0-0: Ball 1-0: Ball 2-0: Ball 3-0: Called Strike 3-1: Base on Balls
|
Batting: RHB Josiah Wright
|
0-0: Swinging Strike 0-1: Foul Ball, location: 2F 0-2: Ball 1-2: Strikes out swinging
|
Batting: LHB Evan Oliveri
|
0-0: Ball 1-0: Ball 2-0: Called Strike 2-1: Ball 3-1: Ground out 4-3 (Groundball, 4S, EV 75.6 MPH) Justin Stickney to second
|
Batting: LHB Eddie Reyes
|
0-0: Called Strike 0-1: Foul Ball, location: 2F 0-2: DOUBLE (Flyball, 8LXD, EV 88.8 MPH) Justin Stickney scores
|
Batting: SHB Alfie Bungledorf
|
0-0: Called Strike 0-1: Called Strike 0-2: Foul Ball, location: 2F 0-2: Ball 1-2: Ball 2-2: Ball 3-2: Ground out 5-3 (Groundball, 56, EV 78.8 MPH)
|
Top of the 2nd over - 1 run, 1 hit, 0 errors, 1 left on base; Windy City 1 - Hamilton 0 |
BOTTOM OF THE 2ND |
Hamilton Cardinals batting - Pitching for Windy City ThunderBolts : RHP Ruben Castro
|
Batting: RHB Chris Norris
|
0-0: Foul Ball, location: 2F 0-1: Ball 1-1: Swinging Strike 1-2: Foul Ball, location: 2F 1-2: Ball 2-2: Ball 3-2: Foul Ball, location: 2F 3-2: Ground out 4-3 (Groundball, 34, EV 96.2 MPH)
|
Batting: LHB Jorge Zarazua
|
0-0: Called Strike 0-1: Foul Ball, location: 2F 0-2: Fly out, F5 (Line Drive, 6, EV 68.8 MPH)
|
Batting: RHB Richard Riggs
|
0-0: Ground out 1-3 (Groundball, 13S, EV 71.2 MPH)
|
Bottom of the 2nd over - 0 runs, 0 hits, 0 errors, 0 left on base; Windy City 1 - Hamilton 0 |
TOP OF THE 3RD |
Windy City ThunderBolts batting - Pitching for Hamilton Cardinals : RHP Steve Langlois
|
Batting: RHB Mario Gomez
|
0-0: Foul Ball, location: 2F 0-1: Ground out 6-3 (Groundball, 6, EV 100.6 MPH)
|
Batting: LHB Adam Tarbutton
|
0-0: Swinging Strike 0-1: Foul Ball, location: 2F 0-2: Foul Ball, location: 2F 0-2: Ground out 4-3 (Groundball, 4, EV 88.8 MPH)
|
Batting: LHB Matt Hyde
|
0-0: SINGLE (Groundball, 56D, EV 102.5 MPH)
|
Batting: LHB Larry Myers
|
0-0: Fly out, F9 (Flyball, 9D, EV 107.5 MPH)
|
Top of the 3rd over - 0 runs, 1 hit, 0 errors, 1 left on base; Windy City 1 - Hamilton 0 |
BOTTOM OF THE 3RD |
Hamilton Cardinals batting - Pitching for Windy City ThunderBolts : RHP Ruben Castro
|
Batting: LHB Ivan Cortez
|
0-0: Ground out 6-3 (Groundball, 6, EV 85.0 MPH)
|
Batting: RHB Joe Myers
|
0-0: Ball 1-0: Called Strike 1-1: SINGLE (Groundball, 6D, EV 94.4 MPH)
|
Batting: RHB Edgar Klockow
|
Pickoff Throw to First - Out! 1-3 0-0: Ball 1-0: Foul Ball, location: 2F 1-1: Called Strike 1-2: Ball 2-2: Strikes out swinging
|
Bottom of the 3rd over - 0 runs, 1 hit, 0 errors, 0 left on base; Windy City 1 - Hamilton 0 |
TOP OF THE 4TH |
Windy City ThunderBolts batting - Pitching for Hamilton Cardinals : RHP Steve Langlois
|
Batting: LHB Justin Stickney
|
0-0: Called Strike 0-1: Foul Ball, location: 2F 0-2: Ball 1-2: Reached on error, E7 (Flyball, 78S, EV 81.2 MPH)
|
Batting: RHB Josiah Wright
|
0-0: Called Strike 0-1: Swinging Strike 0-2: SINGLE (Groundball, 4MD, EV 95.0 MPH) Justin Stickney to second Runner from 2nd tries for 3rd, SAFE, throw by CF made to third Josiah Wright to second
|
Batting: LHB Evan Oliveri
|
0-0: Ball 1-0: Ball 2-0: Swinging Strike 2-1: DOUBLE (Line Drive, 89XD, EV 108.1 MPH) Justin Stickney scores Josiah Wright scores
|
Batting: LHB Eddie Reyes
|
0-0: Foul Ball, location: 2F 0-1: Ball 1-1: Ball 2-1: Ball 3-1: Swinging Strike 3-2: Ground out U3 (Groundball, 34, EV 83.1 MPH) Evan Oliveri to third
|
Batting: SHB Alfie Bungledorf
|
0-0: Ground out 6-3 (Groundball, 6, EV 83.8 MPH) Evan Oliveri scores
|
Batting: RHB Mario Gomez
|
0-0: SINGLE (Flyball, 8LS, EV 88.8 MPH)
|
Batting: LHB Adam Tarbutton
|
0-0: Ball 1-0: Ball 2-0: Foul Ball, location: 2F 2-1: Ball 3-1: Foul Ball, location: 2F 3-2: Base on Balls Mario Gomez to second
|
Batting: LHB Matt Hyde
|
0-0: Fly out, F7 (Flyball, 7S, EV 73.8 MPH)
|
Top of the 4th over - 3 runs, 3 hits, 1 error, 2 left on base; Windy City 4 - Hamilton 0 |
BOTTOM OF THE 4TH |
Hamilton Cardinals batting - Pitching for Windy City ThunderBolts : RHP Ruben Castro
|
Batting: RHB Bernard Claude
|
0-0: Ball 1-0: Ball 2-0: Fly out, F8 (Flyball, 8RXD, EV 92.5 MPH)
|
Batting: RHB Tyler Walker
|
0-0: Foul Ball, location: 2F 0-1: Ball 1-1: Foul Ball, location: 2F 1-2: Ball 2-2: Ball 3-2: Foul Ball, location: 2F 3-2: Ground out U3 (Groundball, 3L, EV 99.4 MPH)
|
Batting: LHB Travis Ruppel
|
0-0: Foul Ball, location: 2F 0-1: Ball 1-1: Ball 2-1: Called Strike 2-2: Ball 3-2: Foul Ball, location: 2F 3-2: Base on Balls
|
Batting: RHB Chris Norris
|
0-0: Ball 1-0: Fly out, F8 (Flyball, 8RD, EV 107.5 MPH)
|
Bottom of the 4th over - 0 runs, 0 hits, 0 errors, 1 left on base; Windy City 4 - Hamilton 0 |
TOP OF THE 5TH |
Windy City ThunderBolts batting - Pitching for Hamilton Cardinals : RHP Steve Langlois
|
Batting: LHB Larry Myers
|
0-0: Fly out, F9 (Flyball, 9S, EV 92.5 MPH)
|
Batting: LHB Justin Stickney
|
0-0: Ball 1-0: Foul Ball, location: 2F 1-1: Ball 2-1: Ball 3-1: Foul Ball, location: 2F 3-2: Strikes out looking
|
Batting: RHB Josiah Wright
|
0-0: Ball 1-0: Ball 2-0: Ball 3-0: Called Strike 3-1: Called Strike 3-2: Base on Balls
|
Batting: LHB Evan Oliveri
|
0-0: Fly out, F8 (Line Drive, 8LM, EV 99.4 MPH)
|
Top of the 5th over - 0 runs, 0 hits, 0 errors, 1 left on base; Windy City 4 - Hamilton 0 |
BOTTOM OF THE 5TH |
Hamilton Cardinals batting - Pitching for Windy City ThunderBolts : RHP Ruben Castro
|
Batting: LHB Jorge Zarazua
|
0-0: Ball 1-0: Ball 2-0: Ball 3-0: Called Strike 3-1: Base on Balls
|
Batting: RHB Richard Riggs
|
0-0: Called Strike 0-1: Ball 1-1: Swinging Strike 1-2: Ball 2-2: Fly out, F7 (Line Drive, 7, EV 89.4 MPH)
|
Batting: LHB Ivan Cortez
|
0-0: Called Strike 0-1: Ball 1-1: SINGLE (Groundball, 4M, EV 110.6 MPH) Jorge Zarazua to second
|
Batting: RHB Joe Myers
|
0-0: Called Strike 0-1: Fly out, F8 (Line Drive, 8RD, EV 86.2 MPH)
|
Batting: RHB Edgar Klockow
|
0-0: Swinging Strike 0-1: Foul Ball, location: 2F 0-2: Strikes out swinging
|
Bottom of the 5th over - 0 runs, 1 hit, 0 errors, 2 left on base; Windy City 4 - Hamilton 0 |
TOP OF THE 6TH |
Windy City ThunderBolts batting - Pitching for Hamilton Cardinals : RHP Steve Langlois
|
Batting: LHB Eddie Reyes
|
0-0: Ball 1-0: Called Strike 1-1: Foul Ball, location: 2F 1-2: Strikes out swinging
|
Batting: SHB Alfie Bungledorf
|
0-0: Foul Ball, location: 2F 0-1: Ball 1-1: Swinging Strike 1-2: Ball 2-2: Ball 3-2: SINGLE (Line Drive, 7, EV 92.5 MPH)
|
Batting: RHB Mario Gomez
|
0-0: Called Strike 0-1: Swinging Strike 0-2: Ball 1-2: Ball 2-2: Ball 3-2: Foul Ball, location: 2F 3-2: Base on Balls Alfie Bungledorf to second
|
Batting: LHB Adam Tarbutton
|
0-0: Ball 1-0: Fly out, F9 (Flyball, 9S, EV 80.6 MPH)
|
Pitching: LHP Andy Fitzsimmons
|
|
Batting: LHB Matt Hyde
|
0-0: Ball 1-0: Swinging Strike 1-1: Ball 2-1: Foul Ball, location: 2F 2-2: Strikes out swinging
|
Top of the 6th over - 0 runs, 1 hit, 0 errors, 2 left on base; Windy City 4 - Hamilton 0 |
BOTTOM OF THE 6TH |
Hamilton Cardinals batting - Pitching for Windy City ThunderBolts : RHP Ruben Castro
|
Batting: RHB Bernard Claude
|
0-0: Foul Ball, location: 2F 0-1: Ball 1-1: Ball 2-1: Foul Ball, location: 2F 2-2: Foul Ball, location: 2F 2-2: Ball 3-2: Foul Ball, location: 2F 3-2: Ground out U3 (Groundball, 3, EV 103.1 MPH)
|
Batting: RHB Tyler Walker
|
0-0: Swinging Strike 0-1: Foul Ball, location: 2F 0-2: Ball 1-2: Strikes out looking
|
Batting: LHB Travis Ruppel
|
0-0: Ground out 6-3 (Groundball, 6S, EV 83.8 MPH)
|
Bottom of the 6th over - 0 runs, 0 hits, 0 errors, 0 left on base; Windy City 4 - Hamilton 0 |
TOP OF THE 7TH |
Windy City ThunderBolts batting - Pitching for Hamilton Cardinals : LHP Andy Fitzsimmons
|
Batting: LHB Larry Myers
|
0-0: Ball 1-0: Called Strike 1-1: Foul Ball, location: 2F 1-2: Foul Ball, location: 2F 1-2: Ball 2-2: Strikes out swinging
|
Batting: LHB Justin Stickney
|
0-0: Called Strike 0-1: Ball 1-1: Ball 2-1: Ball 3-1: Foul Ball, location: 2F 3-2: Strikes out looking
|
Batting: RHB Josiah Wright
|
0-0: Ball 1-0: Called Strike 1-1: Foul Ball, location: 2F 1-2: Strikes out swinging
|
Top of the 7th over - 0 runs, 0 hits, 0 errors, 0 left on base; Windy City 4 - Hamilton 0 |
BOTTOM OF THE 7TH |
Hamilton Cardinals batting - Pitching for Windy City ThunderBolts : RHP Ruben Castro
|
Batting: RHB Chris Norris
|
0-0: Ball 1-0: Ball 2-0: Called Strike 2-1: Foul Ball, location: 2F 2-2: Strikes out swinging
|
Batting: LHB Jorge Zarazua
|
0-0: Ball 1-0: Ball 2-0: Ball 3-0: Swinging Strike 3-1: Base on Balls
|
Batting: RHB Richard Riggs
|
0-0: Ball 1-0: Called Strike 1-1: SINGLE (Line Drive, 89S, EV 93.8 MPH) Jorge Zarazua to second
|
Batting: LHB Ivan Cortez
|
0-0: Ball 1-0: Ball 2-0: Foul Ball, location: 2F 2-1: Foul Ball, location: 2F 2-2: Ball 3-2: Strikes out swinging
|
Batting: RHB Joe Myers
|
0-0: Called Strike 0-1: Fly out, F6 (Popup, 6, EV 66.9 MPH)
|
Bottom of the 7th over - 0 runs, 1 hit, 0 errors, 2 left on base; Windy City 4 - Hamilton 0 |
TOP OF THE 8TH |
Windy City ThunderBolts batting - Pitching for Hamilton Cardinals : LHP Andy Fitzsimmons
|
Pitching: RHP Jung-joon Chon
|
|
Batting: LHB Evan Oliveri
|
0-0: Ball 1-0: Ball 2-0: Ball 3-0: Base on Balls
|
Batting: LHB Eddie Reyes
|
0-0: Fielders Choice at 2nd, 5-4 (Groundball, 5, EV 83.1 MPH)
|
Batting: SHB Alfie Bungledorf
|
0-0: Ball Eddie Reyes steals 2nd base 1-0: Foul Ball, location: 2F 1-1: Foul Ball, location: 2F 1-2: Foul Ball, location: 2F 1-2: Foul Ball, location: 2F 1-2: Ball 2-2: Strikes out swinging
|
Batting: RHB Mario Gomez
|
0-0: Ball 1-0: Ball 2-0: Called Strike 2-1: SINGLE (Flyball, 34D, EV 85.6 MPH) Eddie Reyes to third Runner from 3rd tries for Home, SAFE, throw by RF to home
|
Batting: LHB Adam Tarbutton
|
0-0: Called Strike 0-1: Fly out, F6 (Popup, 6, EV 63.1 MPH)
|
Top of the 8th over - 1 run, 1 hit, 0 errors, 1 left on base; Windy City 5 - Hamilton 0 |
BOTTOM OF THE 8TH |
Hamilton Cardinals batting - Pitching for Windy City ThunderBolts : RHP Ruben Castro
|
Batting: RHB Edgar Klockow
|
0-0: Called Strike 0-1: Called Strike 0-2: Ball 1-2: DOUBLE (Groundball, 5L, EV 106.9 MPH)
|
Pitching: RHP Toby Riley
|
|
Batting: RHB Bernard Claude
|
0-0: Foul Ball, location: 2F 0-1: Ball Wild Pitch! Edgar Klockow to third 1-1: Swinging Strike 1-2: Strikes out swinging
|
Pitching: LHP Tom White
|
|
Batting: RHB Tyler Walker
|
0-0: Ball 1-0: Ball 2-0: Foul Ball, location: 2F 2-1: Foul Ball, location: 2F 2-2: Foul Ball, location: 2F 2-2: Ball 3-2: Ground out 6-3 (Groundball, 6S, EV 68.1 MPH) Edgar Klockow scores
|
Pinch Hitting: RHB Chris LaReau
|
0-0: Called Strike 0-1: Ball 1-1: Called Strike 1-2: Ball 2-2: Ball 3-2: Foul Ball, location: 2F 3-2: Base on Balls
|
Batting: RHB Chris Norris
|
0-0: Called Strike 0-1: Fly out, F3 (Popup, 3F, EV 75.0 MPH)
|
Bottom of the 8th over - 1 run, 1 hit, 0 errors, 1 left on base; Windy City 5 - Hamilton 1 |
TOP OF THE 9TH |
Windy City ThunderBolts batting - Pitching for Hamilton Cardinals : RHP Jung-joon Chon
|
Pitching: LHP Gonnohyoe Hata
|
|
Now in LF: Billy Lang
|
|
Batting: LHB Matt Hyde
|
0-0: Ball 1-0: Ball 2-0: Ground out 4-3 (Groundball, 4, EV 84.4 MPH)
|
Batting: LHB Larry Myers
|
0-0: SINGLE (Line Drive, 34D, EV 99.4 MPH)
|
Batting: LHB Justin Stickney
|
0-0: Foul Ball, location: 2F 0-1: Ball 1-1: Ball 2-1: Swinging Strike 2-2: Strikes out swinging
|
Batting: RHB Josiah Wright
|
0-0: Foul Ball, location: 2F 0-1: Swinging Strike 0-2: Ball 1-2: Fly out, F4 (Flyball, 4MD, EV 87.5 MPH)
|
Top of the 9th over - 0 runs, 1 hit, 0 errors, 1 left on base; Windy City 5 - Hamilton 1 |
BOTTOM OF THE 9TH |
Hamilton Cardinals batting - Pitching for Windy City ThunderBolts : LHP Tom White
|
Pitching: LHP Juan Medrano
|
|
Batting: LHB Jorge Zarazua
|
0-0: Ball 1-0: Foul Ball, location: 2F 1-1: Fly out, F8 (Flyball, 8RXD, EV 98.8 MPH)
|
Batting: RHB Richard Riggs
|
0-0: SINGLE (Line Drive, 56D, EV 98.1 MPH)
|
Batting: LHB Ivan Cortez
|
0-0: Called Strike 0-1: Fly out, F9 (Line Drive, 9, EV 110.6 MPH)
|
Batting: RHB Joe Myers
|
0-0: Called Strike 0-1: Swinging Strike 0-2: Strikes out swinging
|
Bottom of the 9th over - 0 runs, 1 hit, 0 errors, 1 left on base; Windy City 5 - Hamilton 1 |
|